 Dungeon Crawl Stone Soup version 0.28.0-53-g5a82cb258f (webtiles) character file.

Game seed: 16866749705219448479

135 Peloso the Covered (level 4, 0/38 (41) HPs)
             Began as a Minotaur Fighter on Aug 6, 2022.
             Killed by nerve-wracking pain
             ... invoked by Grinder
              (7 damage)
             ... on level 3 of the Dungeon.
             The game lasted 00:04:04 (1692 turns).

Peloso the Covered (Minotaur Fighter)               Turns: 1692, Time: 00:04:06

HP:   0/38 (41)     AC:  9    Str: 21    XL:     4   Next: 96%
MP:   3/3           EV:  7    Int:  5    God:
Gold: 73            SH:  4    Dex: 11    Spells: 3/3 levels left

rFire   + . .      SeeInvis .   a - +0 long sword (freeze)
rCold   . . .      Faith    .   c - +0 buckler
rNeg    . . .      Spirit   .   b - +0 chain mail {rF+}
rPois   .          Reflect  .   (helmet restricted)
rElec   .          Harm     .   (no cloak)
rCorr   .          Rampage  .   (no gloves)
Will    .....                   (no boots)
Stlth   ..........              (no amulet)
HPRegen 0.12/turn               (no ring)
MPRegen 0.08/turn               (no ring)

@: drained
A: horns 2, retaliatory headbutt
a: no special abilities


You were on level 3 of the Dungeon.
You visited 1 branch of the dungeon, and saw 3 of its levels.

You collected 73 gold pieces.

Inventory:

Hand Weapons
 a - a +0 long sword of freezing (weapon)
Missiles
 h - 2 throwing nets (quivered)
Armour
 b - a +0 chain mail of fire resistance (worn)
 c - a +0 buckler (worn)
Scrolls
 g - a scroll of acquirement
 i - a scroll of teleportation
 j - a scroll of identify {unknown}
Potions
 d - a potion of might
 e - a potion of ambrosia {unknown}
 f - a potion of heal wounds {unknown}
 l - 3 potions of mutation {unknown}


   Skills:
 + Level 4.4 Fighting
 + Level 4.0 Long Blades
 + Level 4.7 Armour
 + Level 1.1 Dodging
 + Level 4.1 Shields


You had 3 spell levels left.
You didn't know any spells.
Your spell library was empty.

Dungeon Overview and Level Annotations

Branches:
Dungeon (3/15)

Altars:

Annotations:
D:3 Grinder


Innate Abilities, Weirdness & Mutations

You have a pair of horns on your head.
You reflexively headbutt those who attack you in melee.


Message History

You closely miss the orc. You headbutt the orc.
You kill the orc!
Grinder zaps a wand.
The puff of flame hits you. You resist.
You slash Grinder! Your headbutt misses Grinder.
Grinder is moderately wounded.
Grinder hits you but does no damage.
You closely miss Grinder. Your headbutt misses Grinder.
Grinder is moderately wounded.
You hear the slow rusting of a very distant drain.
Grinder gestures at you. Pain shoots through your body!
You hit Grinder.
Grinder is moderately wounded.
Grinder gestures at you. Pain shoots through your body!
You block Grinder's attack.
You closely miss Grinder.
Grinder is moderately wounded.
Grinder gestures at you.
You suddenly lose the ability to move!
Grinder zaps a wand.
The puff of flame hits you. You resist.
* * * LOW HITPOINT WARNING * * *
Grinder zaps a wand.
The puff of flame hits you. You resist.
* * * LOW HITPOINT WARNING * * *
Grinder barely misses you.
You can move again.
Unknown command.
You slash Grinder! Your headbutt misses Grinder.
Grinder is heavily wounded.
Grinder barely misses you.
You hit Grinder but do no damage.
Grinder is heavily wounded.
Grinder zaps a wand.
The puff of flame hits you but does no damage.
You closely miss Grinder. Your headbutt misses Grinder.
Grinder is heavily wounded.
Grinder zaps a wand.
The puff of flame hits you but does no damage.
Grinder gestures at you. Pain shoots through your body!
You die...

.# ## .# .. ..
.###.# .#
....###..###
#..........
#.$....... #.#
..# #@# ..#
#.####5####..#
#.........o..#
####......o..#
#.#..##o....#
...[..##.....#
#.#.#............
#......##...$.#.#
#.#.#....o......#


You could see Grinder.

Vanquished Creatures
  2 orc wizards (D:3)
  A worm (D:2)
  2 dart slugs
  5 orcs (D:3)
  10 bats
  3 endoplasms
  3 giant cockroaches
  4 hobgoblins
  4 jackals (D:1)
  3 kobolds (D:1)
  2 quokkas (D:1)
  6 ball pythons
  6 frilled lizards
  6 goblins
  5 rats
62 creatures vanquished.

Vanquished Creatures (others)
  An orc wizard (D:3)
1 creature vanquished.

Grand Total: 63 creatures vanquished

Notes
Turn   | Place    | Note
-------+----------+-------------------------------------------
     0 | D:1      | Peloso the Minotaur Fighter began the quest for the Orb.
     0 | D:1      | Reached XP level 1. HP: 19/19 MP: 0/0
   103 | D:1      | Reached XP level 2. HP: 27/27 MP: 1/1
   482 | D:1      | Found a faded altar of an unknown god.
   572 | D:1      | Reached XP level 3. HP: 33/33 MP: 2/2
   702 | D:1      | Identified a scroll of acquirement
   801 | D:2      | Reached skill level 1 in Dodging
  1660 | D:3      | Reached XP level 4. HP: 36/41 MP: 3/3
  1674 | D:3      | Noticed Grinder
  1686 | D:3      | Paralysed by Grinder for 4 turns
  1692 | D:3      | Killed from afar by Grinder

Illustrated notes

Levels and vault maps discovered:
D:1:      dpeg_arrival_arbitrary_c, layout_loops_cross, basic_ecumenical_altar
D:2:      layout_basic, minmay_pentomino_pile
D:3:      layout_loops_ring, cheibrodos_sewer_entry_sluice, serial_glass,
          glass_columns_c, glass_columns_a, feat_on_display, feat_on_display,
          feat_on_display, item_on_display_a, uniq_ijyb, uniq_grinder

Skill      XL: |  1  2  3  4 |
---------------+-------------+-----
Fighting       | 4 |  4.4
Shields        | 4 |  4.1
Armour         | 4 |  4.7
Dodging        | 1 |  1.1
Long Blades    | 3 4 |  4.0

Action                   |  1- 3 |  4- 6 || total
-------------------------+-------+-------++-------
Melee: Long sword        |   116 |    30 ||   146
       Headbutt          |    10 |     5 ||    15
  Use: Scroll            |     3 |       ||     3
Armor: Scale mail        |    77 |       ||    77
       Chain mail        |    11 |    14 ||    25
Dodge: Dodged            |    71 |     6 ||    77
Block: Buckler           |    30 |     4 ||    34
